 Dungeon Crawl Stone Soup version 0.29.1-2-gbd0b4ee654 (webtiles) character file.

Game seed: 9537516770810940451

432 xian the Covered (level 6, -3/50 HPs)
             Began as a Minotaur Wanderer on Nov 25, 2022.
             Slain by a kobold brigand
             ... wielding a +0 short sword
              (5 damage)
             ... in a sewer.
             The game lasted 00:07:35 (3113 turns).

xian the Covered (Minotaur Wanderer)                Turns: 3113, Time: 00:07:36

Health: -3/50      AC: 20    Str: 14    XL:     6   Next: 67%
Magic:  6/6        EV:  3    Int: 11    God:
Gold:   59         SH:  4    Dex: 12    Spells: 6/7 levels left

rFire   . . .      SeeInvis +   a - +0 dagger (protect)
rCold   . . .      Faith    +   d - +0 buckler
rNeg    + . .      Spirit   .   h - +0 plate armour
rPois   .          Reflect  .   g - +0 hat
rElec   .          Harm     .   (no cloak)
rCorr   .          Rampage  .   (no gloves)
Will    .....                   q - +1 pair of boots
Stlth   ..........              p - amulet of faith
HPRegen 0.16/turn               n - ring of positive energy
MPRegen 0.10/turn               o - ring of see invisible

@: mighty, brilliant, under a protective aura, flying (expiring), slowed, very
slow
A: horns 2, retaliatory headbutt
a: no special abilities


You were in a sewer.
You visited 1 branch of the dungeon, and saw 3 of its levels.
You also visited: Sewer.

You collected 59 gold pieces.

Inventory:

Hand Weapons
 a - a +0 dagger of protection (weapon)
 r - a +1 vorpal sling
Missiles
 b - 2 atropa-tipped darts (quivered)
 c - a datura-tipped dart
 x - 4 javelins
 y - a curare-tipped dart
Armour
 d - a +0 buckler (worn)
 g - a +0 hat (worn)
 h - a +0 plate armour (worn)
 q - a +1 pair of boots (worn)
Jewellery
 n - a ring of positive energy (left hand)
 o - a ring of see invisible (right hand)
 p - an amulet of faith (around neck)
 u - a ring of ice
Scrolls
 f - a scroll of fear
 j - a scroll of amnesia
 k - a scroll of enchant armour
 l - a scroll of noise
Potions
 m - a potion of flight
 z - a potion of haste {unknown}
 A - a potion of mutation {unknown}


   Skills:
 + Level 2.8 Fighting
 + Level 2.8 Short Blades
 + Level 3.1 Ranged Weapons
 + Level 3.8 Armour
 + Level 0.2 Dodging
 + Level 2.1 Stealth
 + Level 2.0 Shields
 + Level 1.1 Spellcasting
 - Level 3.1 Necromancy
 + Level 1.0 Evocations


You had 6 spell levels left.
You knew the following spells:

 Your Spells              Type           Power      Damage    Failure   Level
a - Necrotise             Necr           44%        1d6       100%        1

Your spell library contained the following spells:

 Spells                   Type           Power      Damage    Failure   Level
 Shock                    Conj/Air       0%         1d3       100%        1
 Portal Projectile        Hex/Tloc       0%         N/A       100%        3
 Swiftness                Air            0%         N/A       100%        3
 Tukima's Dance           Hex            0%         N/A       100%        3
 Vampiric Draining        Necr           11%        2d6       100%        3
 Airstrike                Air            0%         2d(0-16)  100%        4
 Blade Hands              Tmut           0%         N/A       100%        5


Dungeon Overview and Level Annotations

Branches:
Dungeon (3/15)              Sewer (1/1)

Altars:


Innate Abilities, Weirdness & Mutations

You have a pair of horns on your head.
You reflexively headbutt those who attack you in melee.


Message History

* * * LOW HITPOINT WARNING * * *
The kobold hits you but does no damage. x3
You block the kobold brigand's attack.
The kobold hits you but does no damage. x2
The kobold barely misses you. You furiously retaliate!
You headbutt the kobold!
You kill the kobold!
The kobold hits you with a +0 whip.
* * * LOW HITPOINT WARNING * * *
The kobold hits you but does no damage. x2
You puncture the kobold brigand!
Your weapon exudes an aura of protection.
Your headbutt misses the kobold brigand.
The kobold brigand is moderately wounded.
The kobold brigand hits you but does no damage.
The kobold hits you with a +0 dagger.
* * * LOW HITPOINT WARNING * * *
The kobold hits you but does no damage. You block the kobold's attack.
The kobold barely misses you. The kobold hits you but does no damage.
The kobold brigand hits you but does no damage.
Unknown command.
You closely miss the kobold brigand.
The kobold brigand is moderately wounded.
The kobold hits you with a +0 dagger.
* * * LOW HITPOINT WARNING * * *
The kobold barely misses you.
The kobold hits you but does no damage. x2
The kobold hits you with a +0 whip.
* * * LOW HITPOINT WARNING * * *
You block the kobold brigand's attack.
The kobold hits you but does no damage. x2
The kobold barely misses you.
The kobold hits you but does no damage. x2
You closely miss the kobold brigand.
Your headbutt misses the kobold brigand.
The kobold brigand is moderately wounded.
You are starting to lose your buoyancy.
The kobold brigand hits you with a +0 short sword.
* * * LOW HITPOINT WARNING * * *
The kobold hits you but does no damage. x5
You hit the kobold brigand.
Your weapon exudes an aura of protection.
The kobold brigand is heavily wounded.
The kobold brigand hits you with a +0 short sword.
You die...

~~~~~~~ ≈≈≈ ≈≈≈~≈≈≈ ≈≈≈≈~≈≈ ~~~~
~~~~~~ ~~~~~~~
#########~#######~#~############~
#~~~.P~P~~P~P..P~~P~~P........~~~
'~~P...~~~~~~...~P~~~.........~~~
'.~K...~~~.......~.P.......P.....
#....K.........K)..†.....†.......
##..KKK........K@K...P...........
#.............KKK....####.....##
###..............†..## ########
#####............##
###.####P.#### ### ####


You could see a kobold brigand and 5 kobolds.

Vanquished Creatures
  Sigmund (D:2)
  2 kobold brigands (Sewer)
  4 adders
  3 river rats (D:3)
  A worm (D:3)
  A dart slug (D:2)
  A ball python (D:1)
  4 bats
  9 endoplasms
  4 giant cockroaches
  11 goblins
  5 hobgoblins
  A quokka (D:1)
  5 frilled lizards
  9 kobolds
  10 rats
71 creatures vanquished.

Vanquished Creatures (collateral kills)
  A frilled lizard (Sewer)
1 creature vanquished.

Vanquished Creatures (others)
  A plant (Sewer)
1 creature vanquished.

Grand Total: 73 creatures vanquished

Notes
Turn   | Place    | Note
-------+----------+-------------------------------------------
     0 | D:1      | xian the Minotaur Wanderer began the quest for the Orb.
     0 | D:1      | xian set off with the following items: a +0 dagger, 2
                  | atropa-tipped darts, a datura-tipped dart, a +0 buckler, a
                  | potion of might, a +0 leather armour; and the following
                  | spell memorised: Necrotise; and the following spells
                  | available to memorise: Vampiric Draining.
     0 | D:1      | Reached XP level 1. HP: 16/16 MP: 1/1
   431 | D:1      | Reached XP level 2. HP: 19/23 MP: 2/2
  1240 | D:2      | Reached XP level 3. HP: 14/28 MP: 3/3
  1363 | D:2      | Reached skill level 1 in Short Blades
  1432 | D:2      | Noticed Sigmund
  1442 | D:2      | Killed Sigmund
  1443 | D:2      | Reached XP level 4. HP: 29/37 MP: 4/4
  1443 | D:2      | Reached XP level 5. HP: 33/42 MP: 5/5
  2147 | D:2      | Found a faded altar of an unknown god.
  2501 | D:3      | Reached skill level 1 in Ranged Weapons
  2566 | D:3      | Reached XP level 6. HP: 38/50 MP: 6/6
  2585 | D:3      | Found a glowing drain.
  2614 | Sewer    | Entered a sewer
  2733 | Sewer    | HP: 2/50 [kobold/stone (1)]
  3112 | Sewer    | HP: 2/50 [kobold brigand/+0 short sword (1)]
  3113 | Sewer    | Slain by a kobold brigand

Illustrated notes

Levels and vault maps discovered:
D:1:      lightli_molten_gateway, layout_basic, minmay_stone_trees_small
D:2:      layout_loops_cross, shapermc_ecumenical_altar_petra,
          chequers_serial_rivers_room_b, minmay_distorted, uniq_sigmund
D:3:      layout_basic, portal_sewer_entry_e
Sewer:    kennysheep_pipe_town

Skill      XL: |  1  2  3  4  5  6 |
---------------+-------------------+-----
Short Blades   | 2 |  2.8
Fighting       | 2 |  2.8
Armour         | 3 |  3.8
Stealth        | 2 |  2.1
Necromancy     | 3 |  3.1
Ranged Weapons | 1 3 |  3.1
Shields        | 2 |  2.0
Dodging        | |  0.2
Spellcasting   | |  1.1
Evocations     | |  1.0

Action                   |  1- 3 |  4- 6 || total
-------------------------+-------+-------++-------
Melee: Dagger            |   102 |    76 ||   178
       Headbutt          |    17 |     9 ||    26
 Fire: Sling             |       |    56 ||    56
Throw: Dart              |       |     1 ||     1
  Use: Scroll            |     1 |     6 ||     7
       Potion            |     1 |     7 ||     8
Armor: Plate armour      |    87 |   138 ||   225
Dodge: Dodged            |    11 |    23 ||    34
Block: Buckler           |    11 |    30 ||    41
